AoeStats
← Nurdean_

Enclosed

504599839Analyzed
1v1 RM · 28d ago on Sep 5, 2026· 41m 16s· 2 players
Game mode
Random Map
Map size
Tiny (2 player)
Population
200
Speed
Normal
Resources
Standard
Victory
Conquest
Starting age
Dark Age
Ending age
Imperial Age
RankedLock teamsTeams togetherTeam positionsShared explorationLock speedFull tech treeHidden civsTurbo modeCheats
Victory
Defeat
🇨🇳 Sicilians · China
978
+16
🇨🇭 Mongols · Switzerland
977
-16
Nurdean_
8:28 Loom
10:16 Feudal Age
14:37 Double-Bit Axe
17:02 Castle Age
15:23 Padded Archer Armor
15:29 Padded Archer Armor
15:16 Horse Collar
17:52 Crossbowman
18:35 Fletching
22:13 Bodkin Arrow
23:25 Gold Mining
25:42 Ballistics
27:18 Husbandry
27:29 Bloodlines
27:53 Bloodlines
27:47 Heavy Plow
29:23 Wheelbarrow
30:20 Hand Cart
31:37 Bow Saw
31:18 Town Watch
32:17 Scale Barding Armor
34:11 Chain Barding Armor
34:03 Forging
37:00 Iron Casting
38:33 Thumb Ring
38:39 Thumb Ring
40:27 Leather Archer Armor
apple
10:34 Feudal Age
11:06 Loom
11:09 Double-Bit Axe
12:54 Horse Collar
15:12 Town Watch
18:03 Castle Age
16:57 Arson
18:42 Gold Mining
19:00 Stone Mining
19:31 Squires
20:04 Scale Mail Armor
20:39 Fletching
20:52 Padded Archer Armor
21:26 Bow Saw
21:49 Elite Skirmisher
22:43 Forging
23:11 Wheelbarrow
23:16 Bodkin Arrow
24:14 Gold Shaft Mining
27:17 Heavy Plow
30:12 Pikeman
32:13 Chain Mail Armor
37:24 Hand Cart
38:12 Fervor
39:13 Sanctity
38:54 Devotion
Connection lost

Rejoining the realm…

Still unreachable

The connection could not be restored.

Session expired

The server has moved on; the page needs a fresh start.